AoeStats
← [PSCH] wolverito

Nomad

509855421Analyzed
3v3 RM · 4d ago on Sep 28, 2026· 19m 9s· 6 players
Game mode
Random Map
Map size
210×210
Population
200
Speed
Normal
Resources
Standard
Victory
Conquest
Starting age
Dark Age
Ending age
Imperial Age
RankedLock teamsTeams togetherTeam positionsShared explorationLock speedFull tech treeHidden civsTurbo modeCheats
Victory
Defeat
🇹🇼 Romans · Taiwan
1395
+18
🇨🇳 Dravidians · China
1349
+19
🇨🇳 Saracens · China
1328
+20
🇨🇭 Mapuche · Switzerland
1455
-20
🇨🇭 Ethiopians · Switzerland
1419
-19
🇨🇭 Spanish · Switzerland
1409
-18
飛衫走奶
3:25 Loom
12:52 Feudal Age
17:23 Castle Age
15:48 Double-Bit Axe
叫声乌鸦哥
3:51 Loom
14:54 Feudal Age
16:01 Town Watch
19:05 Castle Age
18:34 Double-Bit Axe
棒总
4:39 Loom
13:56 Feudal Age
17:27 Castle Age
15:25 Horse Collar
15:56 Double-Bit Axe
16:24 Fletching
18:23 Padded Archer Armor
18:52 Crossbowman
ChnebelSchnägg
3:06 Loom
14:15 Feudal Age
18:48 Wheelbarrow
[PSCH] Reh
3:58 Loom
14:39 Feudal Age
16:19 Fishing Lines
17:12 Fletching
19:56 Castle Age
[PSCH] wolverito
2:48 Loom
15:04 Feudal Age
Connection lost

Rejoining the realm…

Still unreachable

The connection could not be restored.

Session expired

The server has moved on; the page needs a fresh start.